 Dungeon Crawl Stone Soup version 0.30-a0-860-g512cf1e979 (webtiles) character file.

Game seed: 12700880138083954412

7 jerryboi the Grave Robber (level 1, -1/13 HPs)
             Began as a Mummy Necromancer on Mar 8, 2023.
             Slain by a jackal (2 damage)
             ... on level 1 of the Dungeon.
             The game lasted 00:03:33 (234 turns).

jerryboi the Grave Robber (Mummy Necromancer)        Turns: 234, Time: 00:03:35

Health: -1/13      AC:  2    Str: 11    XL:     1   Next: 91%
Magic:  3/4        EV: 12    Int: 14    God:
Gold:   0          SH:  0    Dex: 12    Spells: 4/5 levels left

rFire   x . .      SeeInvis .    c - +0 whip
rCold   + . .      Faith    +    (no shield)
rNeg    + + +      Spirit   .    a - +0 robe
rPois   ∞          Reflect  .    (no helmet)
rElec   .          Rampage  .    (no cloak)
rCorr   .                        (no gloves)
Will    .....                    (no boots)
Stlth   ++                       (no amulet)
HPRegen 0.22/turn                (no ring)
MPRegen 0.09/turn                (no ring)

@: no status effects
A: cold resistance 1, negative energy resistance 3, torment resistance 2, heat
vulnerability 1, no potions, faith
a: no special abilities


You were on level 1 of the Dungeon.
You visited 1 branch of the dungeon, and saw 1 of its levels.

Inventory:

Hand Weapons
 c - a +0 whip (weapon)
Armour
 a - a +0 robe (worn)
Scrolls
 b - a scroll of blinking {unknown}
 d - a scroll of identify {unknown}


   Skills:
 + Level 1.5 Dodging
 + Level 1.5 Stealth
 * Level 2.6 Spellcasting
 + Level 4.4 Necromancy


You had 4 spell levels left.
You knew the following spells:

 Your Spells              Type           Power      Damage    Failure   Level
a - Necrotise             Necr           56%        1d6       3%          1

Your spell library contained the following spells:

 Spells                   Type           Power      Damage    Failure   Level
 Vampiric Draining        Necr           14%        2d7       11%         3
 Animate Dead             Necr           14%        N/A       34%         4
 Agony                    Necr           14%        N/A       69%         5
 Freezing Cloud           Conj/Ice/Air   0%         6-21      99%         5
 Simulacrum               Ice/Necr       4%         N/A       100%        6
 Polar Vortex             Ice            0%         N/A       100%        9


Dungeon Overview and Level Annotations

Branches:
Dungeon (1/15)

Altars:


Innate Abilities, Weirdness & Mutations

You are immune to poison.
Your flesh is cold resistant. (rC+)
You are immune to negative energy. (rN+++)
You are immune to unholy pain and torment.
You are vulnerable to heat. (rF-)
You do not drink.
You have a special connection with the divine. (Faith)


Message History

Your bat skeleton closely misses the bat.
The bat barely misses your bat skeleton.
The jackal closely misses you.
Your bat skeleton hits the bat but does no damage.
The jackal barely misses you. The jackal bites you.
The bat closely misses your bat skeleton.
Your bat skeleton hits the bat.
You hit the jackal.
You kill the jackal!
Your bat skeleton closely misses the bat.
The bat hits you.
Your bat skeleton hits the bat but does no damage.
The jackal closely misses you.
Your bat skeleton barely misses the bat.
The jackal barely misses you.
You hit the jackal.
You kill the jackal!
Your bat skeleton hits the bat but does no damage.
The bat barely misses you.
The jackal bites you but does no damage.
The jackal barely misses your bat skeleton.
Your bat skeleton misses the bat.
The bat hits your bat skeleton.
Your bat skeleton is destroyed!
The jackal bites you. The bat barely misses you. The jackal closely misses you.
You see here a jackal corpse.
The bat barely misses you. The jackal bites you.
The rat bites you but does no damage. The jackal bites you.
The jackal closely misses you. The bat hits you but does no damage.
The jackal bites you.
* * * LOW HITPOINT WARNING * * *
The jackal closely misses you. The rat barely misses you.
You see here a jackal corpse.
You hit the jackal but do no damage. The bat hits you but does no damage.
The jackal bites you.
* * * LOW HITPOINT WARNING * * *
The jackal completely misses you. The rat misses you. The bat hits you.
* * * LOW HITPOINT WARNING * * *
The jackal bites you.
You die...

.?................[...#
#.###...##.###.########
..!........##.##
#.##........##..# .# .
#........###.###...#
..##############.......#
.....########....###...#
....).r.b.....#### .#
#.....h@h.#####
.$........# #.........#
#.........# ###########


You could see 2 jackals, a bat and a rat.

Vanquished Creatures
  2 bats (D:1)
  A hobgoblin (D:1)
  2 jackals (D:1)
  A frilled lizard (D:1)
  A kobold (D:1)
7 creatures vanquished.

Notes
Turn   | Place    | Note
-------+----------+-------------------------------------------
     0 | D:1      | jerryboi the Mummy Necromancer began the quest for the Orb.
     0 | D:1      | Reached XP level 1. HP: 13/13 MP: 4/4
   234 | D:1      | Slain by a jackal

Illustrated notes

Levels and vault maps discovered:
D:1:      dpeg_arrival_round_c, layout_rooms

Action                     || total
---------------------------++-------
  Melee: Unarmed           ||    11
         Whip              ||     9
   Cast: Necrotise         ||     3
 Armour: Robe              ||    12
  Dodge: Dodged            ||    41

Table legend: (Time is in decaauts)
 A = Elapsed time spent in this place.
 B = Non-inter-level travel time spent in this place.
 C = Inter-level travel time spent in this place.
 D = Time resting spent in this place.
 E = Time spent auto-exploring this place.
 F = Levels seen in this place.
 G = Mean time per level.
                   A        B        C        D        E       F      G
               +--------+--------+--------+--------+--------+-----+--------+
         Total |    234 |    231 |      3 |      0 |      0 |   1 |  234.0 |
       Dungeon |    234 |    231 |      3 |      0 |      0 |   1 |  234.0 |
               +--------+--------+--------+--------+--------+-----+--------+

Top non-repeatable levels by time:
     D:1: 234 daAuts
